 Dungeon Crawl Stone Soup version 0.19.4-9-g45fd643 (webtiles) character file.

390 NinoLikesCookies the Tainter (level 6, -4/49 HPs)
             Began as a Naga Venom Mage on Feb 15, 2017.
             Was an Initiate of Sif Muna.
             Splashed by a jelly's acid (9 damage)
             ... on level 4 of the Dungeon on Feb 16, 2017.
             The game lasted 00:38:52 (4275 turns).

NinoLikesCookies the Tainter (Naga Venom Mage)      Turns: 4275, Time: 00:38:55

Health: -4/49      AC: -13   Str: 11      XL:     6   Next: 80%
Magic:  11/11      EV: 10    Int: 16 (17) God:    Sif Muna [......]
Gold:   174        SH:  0    Dex: 13 (16) Spells: 3 memorised, 3 levels left

rFire  . . .     SeeInvis +     d - +1 dagger (venom)
rCold  . . .     Gourm    .     a - +0 robe
rNeg   . . .     Faith    .     (no shield)
rPois  +         Spirit   .     (no helmet)
rElec  .         Reflect  .     (no cloak)
rCorr  .         Harm     .     (no gloves)
MR     .....                    (no barding)
Stlth  +++.......               g - amulet of rage
                                (no ring)
                                h - +5 ring of dexterity

@: corroded, very slow
A: see invisible, deformed body, poison resistance, slowness 2, slow metabolism
1, spit poison 1, AC +2
a: Spit Poison, Renounce Religion, Evoke Berserk Rage


You were on level 4 of the Dungeon.
You worshipped Sif Muna.
Sif Muna was noncommittal.
You were not hungry.

You visited 2 branches of the dungeon, and saw 5 of its levels.

You collected 174 gold pieces.

Inventory:

Hand Weapons
 d - a +1 dagger of venom (weapon)
 e - a +1 short sword of speed
 i - a +0 blowgun
 o - a +0 hunting sling
Missiles
 f - 47 poisoned needles
 j - 90 arrows
 r - 184 stones (quivered)
 u - 55 sling bullets
 y - 11 bolts
Armour
 a - a +0 robe (worn)
Jewellery
 g - an amulet of rage (around neck)
 h - a +5 ring of dexterity (left hand)
 v - an uncursed ring of stealth {unknown}
Scrolls
 t - a scroll of enchant armour
Potions
 k - a potion of brilliance {unknown}
 l - 2 potions of degeneration
 m - 3 potions of flight
 n - 2 potions of curing
 p - 2 potions of cancellation {unknown}
 s - a potion of invisibility {unknown}
Books
 b - a Young Poisoner's Handbook

   Spells                             Type                      Level
   a - Sting                          Conjuration/Poison           1
   b - Mephitic Cloud                 Conjuration/Poison/Air       3
   c - Olgreb's Toxic Radiance        Poison                       4
   d - Alistair's Intoxication        Transmutation/Poison         5
   e - Venom Bolt                     Conjuration/Poison           5
Comestibles
 c - a bread ration
 q - a slice of pizza
 w - 2 meat rations


   Skills:
 - Level 1.5 Dodging
 + Level 5.4 Stealth
 + Level 3.6 Spellcasting
 * Level 8.5 Poison Magic


You had 3 spell levels left.
You knew the following spells:

 Your Spells              Type           Power        Failure   Level  Hunger
a - Sting                 Conj/Pois      ###.         3%          1    None
b - Mephitic Cloud        Conj/Pois/Air  ##......     17%         3    ###....
c - Venom Bolt            Conj/Pois      ###.......   85%         5    ######.


Dungeon Overview and Level Annotations

Branches:
Dungeon (4/15)             Temple (1/1) D:4

Altars:
Cheibriados
Dithmenos
Hepliaklqana
Kikubaaqudgha
Makhleb
Nemelex Xobeh
Qazlal
Sif Muna
Uskayaw
Vehumet
Yredelemnul
The Shining One


Innate Abilities, Weirdness & Mutations

You cannot wear boots.
Your serpentine skin is tough. (AC +2)
You have supernaturally acute eyesight. (SInv)
Armour fits poorly on your strangely shaped body.
Your system is resistant to poisons. (rPois)
You cover ground very slowly.
You have a slow metabolism.
You can spit poison.


Message History

The jelly is moderately wounded.
The jelly jiggles.
The jelly barely misses you. The jelly hits you. The acid corrodes you!
You are splashed with acid!
The acid burns!
The jelly misses you. The jelly closely misses you.
The jelly looks more healthy.
The jelly hits you. The acid corrodes you!
You are splashed with acid!
The acid burns!
You hit the jelly but do no damage. The acid corrodes you!
Your hands burn!
The jelly is heavily wounded.
The jelly hits you. The acid corrodes you!
You are splashed with acid!
The acid burns!
* * * LOW HITPOINT WARNING * * *
You hit the jelly but do no damage. The acid corrodes you!
Your hands burn!
* * * LOW HITPOINT WARNING * * *
The jelly is heavily wounded.
The jelly hits you.
* * * LOW HITPOINT WARNING * * *
You are splashed with acid!
The acid burns!
You die...

# #.###...#.# #
######.###...#.# # #
#...#.#.#.###..##.### #
#.#..###..# #........# #
#...#.#.#.###..##.##.#
####.###.###...#.# #
#8>8.###.# ##....#
##....##.#######.#
#######......J@..........
........#..............###
######..######.#######.#
#.[# ### ## #..# ....
##..# #..# #..#


You could see a jelly.

Vanquished Creatures
  Natasha (thrice) (D:3)
  2 iguanas (D:3)
  2 orc wizards (D:3)
  A worker ant (D:4)
  5 adders
  3 gnolls (D:2)
  An ooze (D:1)
  A worm (D:3)
  4 leopard geckos
  7 orcs (D:3)
  2 giant cockroaches
  14 goblins
  7 hobgoblins
  15 jackals
  A quokka (D:2)
  8 bats
  6 frilled lizards
  10 kobolds
  7 rats
99 creatures vanquished.

Notes
Turn   | Place    | Note
-------+----------+-------------------------------------------
     0 | D:1      | NinoLikesCookies the Naga Venom Mage began the quest for the Orb.
     0 | D:1      | Reached XP level 1. HP: 15/15 MP: 3/3
   167 | D:1      | Reached XP level 2. HP: 10/22 MP: 1/5
   710 | D:1      | Reached skill level 6 in Poison Magic
   725 | D:1      | Reached XP level 3. HP: 23/28 MP: 1/6
   784 | D:1      | Learned a level 3 spell: Mephitic Cloud
  1162 | D:2      | Reached XP level 4. HP: 36/36 MP: 5/7
  1690 | D:2      | Reached skill level 7 in Poison Magic
  1693 | D:2      | Reached XP level 5. HP: 5/42 MP: 2/9
  2146 | D:2      | Found an ancient bone altar of Kikubaaqudgha.
  2195 | D:2      | Learned a level 5 spell: Venom Bolt
  2567 | D:3      | Found a glowing golden altar of the Shining One.
  2578 | D:3      | Noticed Natasha
  2589 | D:3      | Killed Natasha
  2637 | D:3      | Noticed Natasha
  2643 | D:3      | Killed Natasha
  2690 | D:3      | Reached skill level 5 in Stealth
  2690 | D:3      | Reached XP level 6. HP: 49/49 MP: 7/10
  2703 | D:3      | Found a shadowy altar of Dithmenos.
  3058 | D:3      | Reached skill level 8 in Poison Magic
  3080 | D:3      | Noticed Natasha
  3098 | D:3      | Killed Natasha
  4059 | D:4      | Found a staircase to the Ecumenical Temple.
  4091 | Temple   | Entered the Ecumenical Temple
  4214 | Temple   | Became a worshipper of Sif Muna the Loreminder
  4275 | D:4      | Splashed by a jelly's acid

Skill      XL: |  1  2  3  4  5  6 |
---------------+-------------------+-----
Poison Magic   | 6 7 8 |  8.5
Stealth        | 4 5 |  5.4
Spellcasting   | 3 |  3.6
Dodging        | |  1.5

Action                   |  1- 3 |  4- 6 || total
-------------------------+-------+-------++-------
Melee: Dagger            |    50 |   119 ||   169
       Short sword       |       |     5 ||     5
 Fire: Hunting sling     |       |    16 ||    16
       Blowgun           |       |    11 ||    11
Throw: Stone             |       |     1 ||     1
 Cast: Sting             |    27 |    71 ||    98
       Mephitic Cloud    |     3 |     7 ||    10
  Use: Scroll            |       |     4 ||     4
       Potion            |       |     4 ||     4
 Stab: Confused          |       |     1 ||     1
       Sleeping          |       |     1 ||     1
  Eat: Chunk             |     1 |     4 ||     5
       Bread ration      |       |     1 ||     1
       Beef jerky        |       |     1 ||     1
Armor: Robe              |    17 |    46 ||    63
Dodge: Dodged            |    26 |   135 ||   161
